[Event "*** Titled Tuesday Blitz"]
[Site "Chess.com"]
[Date "2021.03.09"]
[Round "1"]
[White "wonderfultime"]
[Black "ChainsOfFantasia"]
[Result "1-0"]
[WhiteElo "2979"]
[BlackElo "2478"]
[TimeControl "180+1"]
[EndTime "10:08:30 PST"]
[Termination "wonderfultime won by resignation"]

1. d4 Nf6 2. Nf3 d5 3. Bf4 c5 4. c3 Nc6 5. e3 cxd4 6. exd4 Bf5 7. Qb3 Qc8 8. Be2 e6 9. O-O Be7 10. Nbd2 h6 11. Rfe1 O-O 12. Nf1 Ne4 13. Ng3 Nxg3 14.
hxg3 Qd7 15. Qd1 Bd6 16. Qd2 Rab8 17. a4 a6 18. a5 Rfc8 19. Bf1 Bxf4 20. Qxf4 Qc7 21.
Qxc7 Rxc7 22. Ra3 g5 23. Nd2 Kg7 24. Nf3 f6 25. Nd2 e5 26. dxe5 fxe5 27. f3 Re7 28. Kf2 Rbe8 29. Ra4 Bc2 30. Raa1 Bg6 31. Kg1 h5 32. Ra4 Bc2 33. Raa1 Bf5 34. Be2 h4 35. gxh4 gxh4 36. Bd1 Kf6 37. Bb3 Be6 38. Ra4 Rh7 39.
Kf2 Reh8 40. Rh1 h3 41. g4 Ke7 42. Kg3 h2 43. Nf1 e4 44. fxe4 Rh3+ 45. Kg2 Rd3 46. exd5 Bxd5+ 47. Bxd5 Rxd5 48. Re4+ Kd6 49. Rxh2 Rxh2+ 50. Kxh2 Nxa5 51. Ne3 Rd2+ 52. Kg3 Rxb2 53. g5 Rb1 54. g6 Rg1+ 55. Ng2 Nc6 56. g7 Ne7 57. Rxe7 Kxe7 58. g8=Q Rd1 59. Qh7+ Kd6 60. Qxb7 Ra1 61. Qb6+ Kd5 62. Qd4+ Kc6 63. Ne3 Rd1 64. Qxd1 1-0

[Event "*** Titled Tuesday Blitz"]
[Site "Chess.com"]
[Date "2021.03.09"]
[Round "1"]
[White "Firouzja2003"]
[Black "CroissantNeuf"]
[Result "1/2-1/2"]
[WhiteElo "3136"]
[BlackElo "2498"]
[TimeControl "180+1"]
[EndTime "10:08:31 PST"]
[Termination "Game drawn - insufficient material"]

1. e4 c5 2. Nf3 e6 3. d4 cxd4 4.
Nxd4 Nf6 5. Nc3 Nc6 6. Ndb5 d6 7.
Bf4 e5 8. Bg5 a6 9. Na3 b5 10. Nd5 Be7 11. Bxf6 Bxf6 12. c3 Bg5 13. Nc2 Rb8 14. Be2 O-O 15. O-O Ne7 16. Ncb4 Qd7 17.
Nxe7+ Bxe7 18. a4 a5 19. Nd5 bxa4 20. Qxa4 Bd8 21. b4 Qxa4 22. Rxa4 Bd7 23. Ra3 axb4 24. cxb4 Bc6 25. b5 Bxd5 26. exd5 Bb6 27. Rc1 Bc5 28.
Ra6 f5 29. g3 f4 30. Rxc5 dxc5 31. d6 Rfd8 32. Bc4+ Kf8 33. gxf4 exf4 34. Kg2 Rb7 35. Rc6 Rbd7 36. Rc7 Rxd6 37. Kf3 Rf6 38. Rxc5 Rd2 39.
Rc8+ Ke7 40. Rc7+ Rd7 41. Rc8 Rd4 42. Rc7+ Rd7 43. Rc5 h6 44. h4 Kd6 45. Rc6+ Ke7 46. Rc8 Rd4 47. Be2 g5 48. hxg5 hxg5 49. Rc5 Rg6 50.
Kg4 Rd2 51. Bf3 Rxf2 52. Rc7+ Kf8 53. Bd5 f3 54. Kf5 Rh6 55. Rc8+ Ke7 56. Rc7+ Kd8 57. Rg7 Rd6 58. Ke5 Rxd5+ 59. Kxd5 Rd2+ 60. Ke4 f2 61. Rf7 g4 62. Ke3 Rc2 63. Rxf2 Rxf2 64. Kxf2 Kc7 65.
Kg3 Kb6 66. Kxg4 Kxb5 1/2-1/2

[Event "*** Titled Tuesday Blitz"]
[Site "Chess.com"]
[Date "2021.03.09"]
[Round "1"]
[White "kuba2006"]
[Black "Iskusnyh"]
[Result "1-0"]
[WhiteElo "2338"]
[BlackElo "2610"]
[TimeControl "180+1"]
[EndTime "10:08:31 PST"]
[Termination "kuba2006 won on time"]

1. b3 d5 2. Bb2 Bf5 3. e3 e6 4. Nf3 h6 5. Be2 Nf6 6. O-O Be7 7. c4 O-O 8. Nc3 c6 9. Ne5 Nbd7 10. f4 Bh7 11. d4 Bb4 12. Bd3 Bxd3 13. Qxd3 a5 14.
f5 exf5 15. Qxf5 Bxc3 16. Bxc3 Nxe5 17. dxe5 Ne4 18. Bb2 Qg5 19. Qxg5 hxg5 20. cxd5 cxd5 21. Rfd1 Rfd8 22. Rac1 Rac8 23. Bd4 Rc6 24. Rxc6 bxc6 25. Rc1 Rc8 26. Bb6 c5 27. Bxa5 Ra8 28. Bb6 Rxa2 29. Bxc5 g4 30. Bd4 Ra3 31. b4 Rb3 32. Bc5 Kh7 33. h3 g3 34. Kf1 Rb2 35. Kg1 Kg6 36.
Be7 Kf5 37. Bd6 Ke6 38. Bf8 g6 39. Rc6+ Kxe5 40. Rc1 Ke6 41. Bc5 g5 42. Bf8 f6 43.
Rd1 f5 44. Ra1 f4 45. Ra6+ Kf5 46. Ra1 fxe3 47. Rf1+ Nf2 48. Re1 Ke4 49. Bc5 e2 50. Bxf2 gxf2+ 51. Kxf2 d4 52. Rxe2+ Rxe2+ 53. Kxe2 d3+ 54. Kd2 Kd4 55. b5 Kc5 56. Kxd3 Kxb5 57. Ke4 Kc6 58. Kf5 Kd6 59. Kxg5 Ke6 60. Kg6 Ke7 61. Kg7 1-0

[Event "*** Titled Tuesday Blitz"]
[Site "Chess.com"]
[Date "2021.03.09"]
[Round "1"]
[White "Meri-Arabidze"]
[Black "semchik73"]
[Result "1/2-1/2"]
[WhiteElo "2565"]
[BlackElo "2279"]
[TimeControl "180+1"]
[EndTime "10:08:31 PST"]
[Termination "Game drawn by repetition"]

1. d4 d5 2. c4 c6 3. Nf3 Nf6 4. e3 g6 5. Nc3 Bg7 6. Be2 O-O 7. O-O dxc4 8. Bxc4 Bg4 9. h3 Bxf3 10. Qxf3 Nbd7 11. Qe2 e5 12. dxe5 Nxe5 13. Bb3 Qe7 14. f4 Ned7 15.
e4 Nc5 16. e5 Nxb3 17. axb3 Qc5+ 18. Kh2 Nd5 19. Ne4 Qb4 20. Qf3 f6 21. Ra4 Qe7 22. exf6 Nxf6 23. Nxf6+ Rxf6 24. Be3 b5 25. Re4 Qc7 26.
Bd4 Rf7 27. Bxg7 Kxg7 28. Qe3 Raf8 29. g3 Rd7 30. Re1 Qb6 31. Qc3+ Kg8 32. R1e2 Rd1 33. R4e3 Rd4 34. h4 Rfd8 35. Re7 b4 36. Qe3 R4d6 37.
Qe5 Qd4 38. Rg7+ Kh8 39. Qxd4 Rxd4 40. Rxa7 Rd2 41. Re7 Rxe2+ 42. Rxe2 Rd3 43. Rc2 Rxb3 44. Kh3 Kg7 45. Kg4 h5+ 46. Kh3 c5 47. Rxc5 Rxb2 48.
Rb5 b3 49. Rb7+ Kf6 50. Rb5 Rb1 51. Kg2 b2 52. Kh2 Ke6 53. Rb6+ Kd5 54. Kg2 Kc5 55. Rb8 Kc4 56. Rb7 Kc3 57. Rc7+ Kd2 58. Rb7 Kc2 59.
Rc7+ Kd3 60. Rb7 Kc3 61. Rc7+ Kd4 62. Rb7 Kc5 63. Rb8 Kc6 64. Rb3 Kc5 65. Rb8 1/2-1/2

[Event "*** Titled Tuesday Blitz"]
[Site "Chess.com"]
[Date "2021.03.09"]
[Round "1"]
[White "13MiRacLe"]
[Black "kakakz"]
[Result "1/2-1/2"]
[WhiteElo "2698"]
[BlackElo "2393"]
[TimeControl "180+1"]
[EndTime "10:08:33 PST"]
[Termination "Game drawn by repetition"]

1. e4 e6 2. d4 d5 3. Nc3 Bb4 4. e5 b6 5. a3 Bxc3+ 6. bxc3 Qd7 7. Qg4 f5 8. Qg3 Ba6 9. Bxa6 Nxa6 10. Ne2 Nb8 11.
Nf4 g6 12. h4 Nc6 13. h5 gxh5 14.
Qg5 Qe7 15. Qxh5+ Kd7 16. a4 Qe8 17. Qg5 Nge7 18. Rh6 Ng6 19. Nxg6 hxg6 20. Rxg6 Rg8 21. Rg7+ Rxg7 22. Qxg7+ Qe7 23. Qxe7+ Kxe7 24. Ke2 Rh8 25. Bg5+ Kf7 26. Rg1 Na5 27. Bf6 Rh2 28. f3 Nc4 29. Kf2 a5 30. Bd8 Kg6 31. Bxc7 f4 32. Rb1 Ne3 33. Rg1 Nc4 34. Bd8 Kf5 35. Re1 Ne3 36. Rxe3 fxe3+ 37. Kxe3 Rxg2 38. Bxb6 Rxc2 39. Bxa5 Ra2 40. Bb4 Rxa4 41. Kd3 Kf4 42. Kc2 Kxf3 43. Kb3 Ra6 44. Bc5 Ke4 45. Kb4 Ra2 46. Kb5 Rb2+ 47. Bb4 Kd3 48. Kc5 Ke4 49. Kd6 Kf5 50. Kc5 Rb3 51. Kd6 Rb1 52. Kc5 Rc1 53. Kd6 Rd1 54.
Kc5 Rd3 55. Kb5 Rf3 56. Kc6 Rg3 57. Kc5 Rg8 58. Kd6 Rc8 59. Kd7 Rc4 60. Kd6 Rc8 61. Kd7 Ra8 62. Kd6 Ra6+ 63. Ke7 Ke4 64. Kd7 Kf5 65. Ke7 Ra4 66. Kd7 Ra2 67. Ke7 Rh2 68. Kd7 Rh7+ 69. Kd6 Rh8 70. Kd7 Ra8 71. Ke7 Ra7+ 72.
Kd6 Ra6+ 73. Ke7 1/2-1/2

[Event "*** Titled Tuesday Blitz"]
[Site "Chess.com"]
[Date "2021.03.09"]
[Round "1"]
[White "Iball95"]
[Black "SnekkerAndersen"]
[Result "0-1"]
[WhiteElo "2654"]
[BlackElo "2387"]
[TimeControl "180+1"]
[EndTime "10:08:33 PST"]
[Termination "SnekkerAndersen won on time"]

1. e4 d6 2. d4 Nf6 3. Nc3 e5 4.
dxe5 dxe5 5. Qxd8+ Kxd8 6. Bg5 Be6 7. Nf3 Nd7 8. Nb5 c6 9. Nc3 Kc7 10. Bd3 h6 11. Bh4 Nh5 12. O-O-O Nf4 13. Bg3 Nxd3+ 14.
cxd3 f6 15. d4 Bd6 16. dxe5 Nxe5 17. Nxe5 Bxe5 18. Kc2 Rad8 19. b3 Rxd1 20. Rxd1 g5 21. Ne2 h5 22. h3 Bxg3 23. Nxg3 h4 24. Ne2 Rd8 25. Rxd8 Kxd8 26. f3 Ke7 27. Kc3 Kd6 28. a3 Ke5 29. b4 b6 30. Kd3 Bc8 31. Ke3 Ba6 32. f4+ Kd6 33. Nd4 c5 34. bxc5+ bxc5 35. Nf5+ Ke6 36. g3 hxg3 37. Nxg3 Bb7 38. Ne2 Ba6 39.
Nc3 Bf1 40. Na4 Kd6 41. e5+ fxe5 42. fxe5+ Kd5 43. Nc3+ Kxe5 44. Ne4 Bxh3 45. Nxg5 Bf5 46. Nf3+ Kd5 47. Kd2 Kc4 48. Ne5+ Kb3 49. Nc6 a6 50. Nb8 a5 51. Nc6 a4 52. Na5+ Kxa3 53. Kc3 Ka2 54. Nb7 Kb1 55. Nxc5 a3 56. Nb3 Be6 57. Nd2+ Kc1 58.
Ne4 a2 59. Kd3 a1=Q 60. Nc3 Bf5+ 61. Kd4 Kd2 0-1

[Event "*** Titled Tuesday Blitz"]
[Site "Chess.com"]
[Date "2021.03.09"]
[Round "1"]
[White "alexrustemov"]
[Black "korkmaz16"]
[Result "1/2-1/2"]
[WhiteElo "2760"]
[BlackElo "2419"]
[TimeControl "180+1"]
[EndTime "10:08:36 PST"]
[Termination "Game drawn by repetition"]

1. d4 Nf6 2. c4 g6 3. g3 Bg7 4. Bg2 O-O 5. Nc3 d6 6. Nf3 Nc6 7. O-O a6 8. h3 Rb8 9. e4 Nd7 10. Be3 b5 11. cxb5 axb5 12. Rc1 Na5 13. b3 Ba6 14. Nd5 b4 15. Re1 c6 16. Nf4 Nf6 17.
e5 Ne4 18. Qc2 d5 19. Nd2 Nc3 20. a3 g5 21. Nh5 Ne2+ 22. Rxe2 Bxe2 23. Nxg7 Kxg7 24.
axb4 Rxb4 25. Qc3 Qb6 26. Bxg5 Qxd4 27. Bxe7 Qxc3 28. Rxc3 d4 29. Rc2 Rfb8 30. Bxb4 Rxb4 31. f4 Bd1 32. Rc1 Bxb3 33. Bxc6 Be6 34. Bg2 Nb3 35.
Rd1 Nc5 36. g4 d3 37. Kf2 Rxf4+ 38. Ke3 Rb4 39. Ne4 Nxe4 40. Bxe4 Rb5 41. Kf4 Bb3 42. Rxd3 Bc2 43. Re3 Bxe4 44. Rxe4 Rb1 45. h4 Rf1+ 46. Kg5 h6+ 47. Kh5 Ra1 48. g5 hxg5 49. Kxg5 Rg1+ 50. Rg4 Re1 51. Kf5+ Kf8 52. h5 Rh1 53. Kg5 Kg7 54. Rh4 Rg1+ 55. Kf5 Kh6 56. Kf6 Rf1+ 57. Ke7 Re1 58. Kd6 Rd1+ 59. Kc5 Re1 60.
Kd5 Rd1+ 61. Ke4 Re1+ 62. Kf5 Rf1+ 63. Ke4 Re1+ 64. Kf4 Rf1+ 65. Kg3 Re1 66. Kf4 Rf1+ 67. Ke4 Re1+ 1/2-1/2

[Event "*** Titled Tuesday Blitz"]
[Site "Chess.com"]
[Date "2021.03.09"]
[Round "1"]
[White "Smile2005"]
[Black "DanielDardha2005"]
[Result "0-1"]
[WhiteElo "2362"]
[BlackElo "2674"]
[TimeControl "180+1"]
[EndTime "10:08:37 PST"]
[Termination "DanielDardha2005 won by resignation"]

1. Nf3 b6 2. g3 Bb7 3. Bg2 g6 4. O-O Bg7 5. d3 d5 6. e4 dxe4 7. Ng5 Nd7 8. Nd2 Ngf6 9. Ngxe4 Qc8 10. Nxf6+ Nxf6 11. Ne4 O-O 12. Re1 Nxe4 13. Bxe4 Bxe4 14. dxe4 Rd8 15. Qe2 a5 16. c3 a4 17. e5 Qf5 18.
Bf4 g5 19. Be3 Qxe5 20. Qf3 Qf6 21. Qb7 a3 22. bxa3 h6 23. Bd4 Qd6 24. Rad1 Qxa3 25. Qxc7 Qxa2 26. Qxb6 e6 27. Bxg7 Rxd1 28. Rxd1 Kxg7 29.
Qd4+ Kg8 30. Qf6 Qe2 31. Rd8+ Rxd8 32. Qxd8+ Kg7 33. Qd4+ e5 34. Qc5 h5 35. Qe7 Kg6 36. Qd6+ f6 37. Qc6 Qd1+ 38. Kg2 Qd8 39. Qe4+ Kh6 40. c4 Qc8 41. c5 Qxc5 42. Qf5 Qc6+ 43.
Kg1 Kg7 44. h3 Qe8 45. Kg2 Kf7 46. Qh7+ Ke6 47. Qh6 Qa8+ 48. Kg1 Qf3 49. Qg6 Kd5 50. Qe8 Kd4 51. Qd7+ Kc3 52. Qc7+ Kd2 53. Qd6+ Ke2 54.
Qa6+ Ke1 55. Qa5+ Kd1 56. Qa4+ Kd2 57. Qb4+ Qc3 58. Qd6+ Ke2 59. Qxf6 Qe1+ 60. Kh2 Qxf2+ 61. Qxf2+ Kxf2 62. h4 g4 63. Kh1 e4 0-1

[Event "*** Titled Tuesday Blitz"]
[Site "Chess.com"]
[Date "2021.03.09"]
[Round "1"]
[White "Grandmaster2B"]
[Black "DarZay"]
[Result "1-0"]
[WhiteElo "2522"]
[BlackElo "2180"]
[TimeControl "180+1"]
[EndTime "10:08:37 PST"]
[Termination "Grandmaster2B won on time"]

1. e4 c5 2. Nf3 Nc6 3. d4 cxd4 4. Nxd4 Nf6 5. Nc3 d6 6. Bg5 e5 7. Ndb5 a6 8. Na3 b5 9. Nd5 Be7 10. Bxf6 Bxf6 11. c3 O-O 12. Nc2 Bg5 13. a4 Rb8 14. axb5 axb5 15. Bd3 Be6 16. Nce3 b4 17. O-O bxc3 18. bxc3 Ne7 19. Ra6 Bc8 20. Ra7 Bb7 21.
Qa4 Nxd5 22. Nxd5 Bxd5 23. exd5 Qb6 24. Ra6 Qc5 25. Qc4 Qxc4 26. Bxc4 Rfc8 27. Rc6 Bd2 28. Ba6 Rd8 29. g3 g6 30. Kg2 Rb3 31. c4 Bb4 32. Bb5 Bc5 33. Kh3 f5 34. Rc7 Ra8 35. Bd7 Ra7 36. Be6+ Kh8 37. Rc8+ Kg7 38. Rg8+ Kh6 39. Rc8 Bd4 40. Rc6 Bc5 41. Rd1 Rb2 42. Rxc5 dxc5 43.
d6 Ra8 44. d7 Rd8 45. f3 Rf2 46.
Rd5 Rxf3 47. Rxc5 e4 48. Rc8 Rxd7 49. Bxd7 e3 50. Re8 g5 51. Kg2 Rf2+ 52. Kg1 Rc2 53. Rxe3 Rxc4 54. Bxf5 Rc1+ 55. Kg2 Ra1 56. g4 Ra2+ 57.
Kg1 Ra1+ 58. Kf2 Ra2+ 59. Re2 Ra1 60. Re6+ Kg7 61. Re7+ Kf6 62. Rxh7 Ke5 63. Re7+ Kf6 64. Re6+ Kg7 65. Rg6+ Kh8 66. Rxg5 Ra2+ 67. Kg3 Rg2+ 68. Kf4 1-0

[Event "*** Titled Tuesday Blitz"]
[Site "Chess.com"]
[Date "2021.03.09"]
[Round "1"]
[White "HackingKid98"]
[Black "Murad_Ibrahimli"]
[Result "0-1"]
[WhiteElo "2452"]
[BlackElo "2874"]
[TimeControl "180+1"]
[EndTime "10:08:40 PST"]
[Termination "Murad_Ibrahimli won on time"]

1. d4 Nf6 2. c4 e6 3. g3 c5 4. Nf3 cxd4 5. Nxd4 Nc6 6. Bg2 Bc5 7.
Nb3 Be7 8. O-O d5 9. cxd5 Nxd5 10. Bd2 O-O 11. Nc3 Bf6 12. Rc1 a5 13. Nc5 h6 14.
Qa4 Nb6 15. Qd1 Nc4 16. Be3 Nxe3 17. fxe3 Bg5 18. Kf2 Bxe3+ 19. Kxe3 Qg5+ 20. Kf2 Qxc5+ 21. Ke1 Rd8 22. Qa4 Qe3 23. Rd1 Rxd1+ 24. Nxd1 Qc5 25.
Qf4 Qb4+ 26. Nc3 f5 27. Qd2 Ne5 28. Rf4 Qb6 29. b3 Qg1+ 30. Bf1 Qxh2 31. Qe3 Ng4 32. Qf3 Kh7 33. Rc4 a4 34. Rxa4 Ne5 35. Qf4 Rxa4 36.
Nxa4 Ng4 37. Nc5 e5 38. Qf3 b6 39. Na4 e4 40. Qf4 e3 41. Nxb6 Be6 42. Nc4 Qg1 43. a4 g5 44. Qc7+ Kg6 45. a5 Qf2+ 46. Kd1 Qxf1+ 47.
Kc2 Qxe2+ 48. Kc3 Bxc4 49. bxc4 Qd2+ 50. Kb3 Qd3+ 51. Kb4 Qd2+ 52. Kb5 e2 53. Qd6+ Nf6 54. Qxd2 Ne4 55. Qe1 f4 56. a6 f3 57. a7 f2 58. Qb1 e1=Q 59. Qxe1 fxe1=Q 60. a8=Q Qb1+ 61. Kc6 Nf6 0-1

[Event "*** Titled Tuesday Blitz"]
[Site "Chess.com"]
[Date "2021.03.09"]
[Round "1"]
[White "Vamostodorecto"]
[Black "Lestofante90"]
[Result "0-1"]
[WhiteElo "2402"]
[BlackElo "2747"]
[TimeControl "180+1"]
[EndTime "10:08:41 PST"]
[Termination "Lestofante90 won on time"]

1. d4 Nf6 2. c4 e6 3. Nc3 Bb4 4.
e3 O-O 5. Bd2 c5 6. Nf3 cxd4 7.
exd4 d5 8. Bd3 dxc4 9. Bxc4 Nc6 10. Bg5 h6 11. Bh4 Be7 12. O-O Nh5 13. Bxe7 Nxe7 14.
d5 exd5 15. Nxd5 Nxd5 16. Qxd5 Be6 17. Qxd8 Raxd8 18. Bxe6 fxe6 19. Rac1 Rd7 20. Ne5 Rd2 21. Nc4 Rd5 22. g3 Nf6 23. Rfe1 Ng4 24. Rc2 b5 25.
Ne3 Re5 26. Rce2 Nf6 27. f4 Rc5 28. Rd1 Rfc8 29. Rd6 R5c6 30. Rxc6 Rxc6 31. Nc2 Kf7 32. Nd4 Rb6 33. Rc2 Nd5 34. Nc6 b4 35. Ne5+ Ke7 36. Rc8 Ra6 37. a3 bxa3 38. bxa3 Rxa3 39. Rg8 g5 40.
Rg7+ Ke8 41. fxg5 hxg5 42. Kg2 a5 43. h4 gxh4 44. gxh4 a4 45. h5 Nf4+ 46. Kf2 Nxh5 47. Ra7 Nf6 48. Nc6 Ne4+ 49. Ke2 Ra2+ 50. Kd3 Nc5+ 51.
Kc4 Rc2+ 52. Kb5 Nd7 53. Ra8+ Kf7 54. Ra7 Rc5+ 55. Kxa4 Rxc6 56. Rxd7+ Kf6 57. Rd2 e5 58. Kb5 Rc8 59. Rf2+ Kg5 60. Kb6 e4 61. Kb7 Rc1 0-1

[Event "*** Titled Tuesday Blitz"]
[Site "Chess.com"]
[Date "2021.03.09"]
[Round "1"]
[White "eguindy"]
[Black "Eltaj_Safarli"]
[Result "1/2-1/2"]
[WhiteElo "2466"]
[BlackElo "2893"]
[TimeControl "180+1"]
[EndTime "10:08:42 PST"]
[Termination "Game drawn - insufficient material"]

1. d4 Nf6 2. c4 e6 3. Nc3 Bb4 4. Bd2 O-O 5. e3 b6 6. Nf3 Bb7 7. a3 Bxc3 8. Bxc3 d6 9. Bd3 Nbd7 10. O-O Ne4 11. Be1 f5 12. Nd2 Nxd2 13. Qxd2 e5 14.
f3 Qe7 15. Bf2 e4 16. fxe4 Bxe4 17. Be2 Nf6 18. Bh4 Rae8 19. a4 Qe6 20. d5 Qe5 21. a5 Rf7 22. b4 Nd7 23. Bg3 Qe7 24. axb6 axb6 25. Ra7 Ne5 26. c5 bxc5 27. bxc5 dxc5 28. Rc1 c4 29. Bxc4 Nxc4 30. Rxc4 Qd8 31. Rcxc7 Rxc7 32. Rxc7 Qxd5 33. Qxd5+ Bxd5 34. Bf4 h6 35. h4 Re6 36.
g3 Ra6 37. Kf2 Ra2+ 38. Ke1 Ra1+ 39. Kd2 Ra2+ 40. Kd3 Be4+ 41. Kd4 Ra5 42. Rc5 Ra6 43. Ke5 Kh7 44. h5 Ra1 45. g4 Rh1 46. gxf5 Bxf5 47.
Rc7 Rxh5 48. e4 Bg6+ 49. Kd4 Rh4 50. Ke3 Rh3+ 51. Kd4 Rh4 52. Ke3 Rg4 53. Kf3 h5 54. e5 Bf5 55. Re7 Kg8 56. e6 g5 57. Be5 Re4 58.
Rg7+ Kf8 59. Rf7+ Ke8 60. Rxf5 Re1 61. Rxg5 Ke7 62. Bc3 Rxe6 63. Rxh5 Kd6 64. Bd4 Re8 65. Kf4 Rf8+ 66. Rf5 Re8 67. Be5+ Kd5 68. Bf6+ Ke6 69.
Bg5 Rc8 70. Re5+ Kd6 71. Re4 Rc2 72. Bf6 Kd5 73. Re5+ Kd6 74. Kg5 Rc5 75. Rxc5 Kxc5 1/2-1/2

[Event "*** Titled Tuesday Blitz"]
[Site "Chess.com"]
[Date "2021.03.09"]
[Round "1"]
[White "jd001"]
[Black "ural58"]
[Result "1/2-1/2"]
[WhiteElo "2247"]
[BlackElo "2544"]
[TimeControl "180+1"]
[EndTime "10:08:47 PST"]
[Termination "Game drawn - insufficient material"]

1. d4 d5 2. c4 e5 3. dxe5 d4 4.
Nf3 Nc6 5. g3 Nge7 6. Bg2 Ng6 7.
O-O Ngxe5 8. b3 Nxf3+ 9. Bxf3 Be7 10. Bb2 Bh3 11. Re1 Bf6 12. Nd2 O-O 13. Ne4 Be7 14.
Bg2 Bxg2 15. Kxg2 Bb4 16. Rf1 Re8 17. f3 f5 18. Nf2 Qe7 19. Bxd4 Rad8 20. e3 Bc3 21.
Rc1 Bxd4 22. exd4 Nxd4 23. Qe1 Ne2 24. Rd1 Qe3 25. Nh3 Rxd1 26. Qxd1 Nc3 27. Qa1 Qd2+ 28. Rf2 Re2 29. a4 a5 30. Qf1 Rxf2+ 31. Qxf2 Qxf2+ 32. Kxf2 Kf7 33. Nf4 g5 34. Nd3 Kf6 35. Ke3 b6 36. c5 Ke6 37. cxb6 cxb6 38. Nb2 Kd5 39. Nc4 Kc5 40. g4 Nd5+ 41. Kd2 fxg4 42. fxg4 Kb4 43. Kc2 h6 44. h3 Kc5 45. Ne5 Nf4 46. Nf7 Nxh3 47.
Nxh6 Kd4 48. Nf7 Ke4 49. Nd6+ Kf4 50. Nc4 Kxg4 51. Nxb6 Kf3 52. Nc4 g4 53. Ne5+ Kf4 54. Nxg4 Kxg4 55. Kc3 Nf4 56. Kc4 Kf5 57. Kb5 Nd5 58.
Kc4 Ke6 59. Kc5 Ke5 60. Kc4 Kd6 61. Kb5 Ke6 62. Kc5 Ke5 63. Kc4 Kd6 64. Kb5 Kc7 65.
Kc5 Ne7 66. b4 axb4 67. Kxb4 Kc6 68. a5 Kd6 69. Kc4 Nc6 70. Kb5 Kc7 71. a6 Na7+ 72. Kc5 Nc8 73. Kb5 Nd6+ 74. Kc5 Nc8 75. Kb5 Kb8 76.
Kc6 Ka7 77. Kc7 Kxa6 1/2-1/2

[Event "*** Titled Tuesday Blitz"]
[Site "Chess.com"]
[Date "2021.03.09"]
[Round "1"]
[White "IMAghasiyevKamal"]
[Black "suneebaker"]
[Result "1/2-1/2"]
[WhiteElo "2526"]
[BlackElo "2215"]
[TimeControl "180+1"]
[EndTime "10:08:48 PST"]
[Termination "Game drawn by repetition"]

1. d4 Nf6 2. c4 e6 3. Nc3 Bb4 4.
e3 d5 5. Nf3 c5 6. Bd3 Nc6 7. O-O O-O 8. a3 Bxc3 9. bxc3 dxc4 10. Bxc4 b6 11. Bb2 Bb7 12. Ba2 Qc7 13. c4 cxd4 14.
exd4 Rfd8 15. d5 Ng4 16. h3 Nge5 17. Nxe5 Nxe5 18. Qd4 f6 19. Rfe1 exd5 20. cxd5 Qd6 21. f4 Ng6 22. g3 Rac8 23. Re6 Qc5 24. d6 Qxd4+ 25. Bxd4 Kf8 26. Rae1 Rc2 27. Bb3 Rg2+ 28. Kf1 Rd2 29. d7 Ne5 30. fxe5 Rxd4 31. exf6 R4xd7 32. Kg1 gxf6 33. Rxf6+ Kg7 34. Rf4 Bd5 35. Bxd5 Rxd5 36. Re7+ Kg6 37. Rxa7 Rd1+ 38. Kg2 R8d2+ 39. Rf2 Rxf2+ 40.
Kxf2 Ra1 41. Ra6 Kg7 42. Rxb6 Rxa3 43. h4 Kf7 44. g4 Kg7 45. Re6 Kf7 46. Re3 Ra1 47.
Kf3 Rf1+ 48. Kg3 Ra1 49. Kf4 Rf1+ 50. Rf3 Ra1 51. h5 Kg7 52. Kg5 Ra5+ 53. Rf5 h6+ 54. Kf4 Ra4+ 55. Kg3 Ra3+ 56. Rf3 Ra7 57. Rd3 Rb7 58.
Rd4 Rf7 59. Rf4 Rb7 60. Kf3 Re7 61. Re4 Rf7+ 62. Ke3 Rd7 63. Re5 Ra7 64. Kf4 Rf7+ 65. Ke4 Ra7 66. Re6 Ra4+ 67. Kf5 Ra5+ 68. Re5 Ra7 69.
Re6 Ra5+ 70. Kf4 Ra4+ 71. Kf5 Ra5+ 1/2-1/2

[Event "*** Titled Tuesday Blitz"]
[Site "Chess.com"]
[Date "2021.03.09"]
[Round "1"]
[White "olksuna"]
[Black "Rozhkov_V"]
[Result "1/2-1/2"]
[WhiteElo "2681"]
[BlackElo "2387"]
[TimeControl "180+1"]
[EndTime "10:08:52 PST"]
[Termination "Game drawn - insufficient material"]

1. e4 c5 2. Nf3 d6 3. d4 cxd4 4. Nxd4 Nf6 5. Nc3 Nc6 6. Be2 Bd7 7. O-O Rc8 8. Be3 g6 9. Qd2 Bg7 10. Nb3 O-O 11. Bh6 Ne5 12. Bxg7 Kxg7 13. Rad1 b5 14. Nxb5 Nxe4 15. Qd4 Nf6 16. Nc3 Qb6 17. Qxb6 axb6 18. Nd4 Nc4 19. Bxc4 Rxc4 20. Rfe1 Re8 21.
Rd2 Kf8 22. f3 Rec8 23. Kf2 b5 24. Ndxb5 Bxb5 25. Nxb5 Rxc2 26. Rxc2 Rxc2+ 27. Re2 Rc1 28. Nd4 Nd5 29. Nb3 Rc4 30. Rd2 e6 31. Rd4 Rc2+ 32.
Rd2 Rc4 33. Nd4 Ke7 34. b3 Rc1 35. Rc2 Ra1 36. g3 Kf6 37. a4 e5 38. Nb5 Rb1 39.
Nxd6 Rxb3 40. Ne4+ Kg7 41. Ra2 Nb4 42. Rd2 Ra3 43.
Nc5 f5 44. Rb2 Nd3+ 45. Nxd3 Rxd3 46. Ra2 Rd6 47. a5 Ra6 48. Ke3 Kf6 49. Kd3 g5 50.
Kc4 h5 51. Kb5 Ra8 52. a6 g4 53. fxg4 hxg4 54. Kc5 f4 55. gxf4 exf4 56. Kd4 Kf5 57. Ra5+ Kg6 58. Ke4 f3 59. Ke3 Re8+ 60. Kf2 Re2+ 61.
Kg3 Rg2+ 62. Kh4 f2 63. Rg5+ Kh6 64. Rf5 Rxh2+ 65. Kg3 Rh3+ 66. Kxg4 Ra3 67. Rf6+ Kg7 68. Rxf2 Rxa6 69. Rf4 Rf6 70. Kf3 Rxf4+ 71. Kxf4 1/2-1/2

[Event "*** Titled Tuesday Blitz"]
[Site "Chess.com"]
[Date "2021.03.09"]
[Round "1"]
[White "Niktlt"]
[Black "Reader777"]
[Result "0-1"]
[WhiteElo "2428"]
[BlackElo "2818"]
[TimeControl "180+1"]
[EndTime "10:08:53 PST"]
[Termination "Reader777 won by checkmate"]

1. c4 e5 2. Nc3 Nf6 3. Nf3 Nc6 4. e4 Bb4 5. d3 d6 6. g3 O-O 7. Bg2 a6 8. O-O Bc5 9. a3 Nd4 10. b4 Nxf3+ 11. Bxf3 Bd4 12. Qc2 Bh3 13. Bg2 Qd7 14. Be3 Bxg2 15. Kxg2 Ng4 16. Bxd4 exd4 17. Ne2 c5 18. h3 Ne5 19. f4 Ng6 20. g4 Rfe8 21.
Rab1 b5 22. bxc5 dxc5 23. cxb5 axb5 24. Qxc5 Rec8 25. Qxd4 Qxd4 26. Nxd4 Rxa3 27. Kg3 Rxd3+ 28. Nf3 Rb8 29. Rfc1 h6 30. Rb4 Nh4 31. Kxh4 Rxf3 32. e5 Rxf4 33. Rxf4 g5+ 34. Kg3 gxf4+ 35. Kxf4 b4 36.
Rb1 Kf8 37. Rb3 Ke7 38. Kf5 Rb5 39. h4 Rb6 40. Ke4 Ke6 41. Kd4 Rb5 42. g5 hxg5 43.
hxg5 Rb8 44. Kc5 Kxe5 45. Kc4 Kf4 46. Rb1 Kxg5 47. Rg1+ Kf6 48. Rf1+ Kg6 49. Rg1+ Kh7 50. Rf1 Kg8 51. Rg1+ Kf8 52. Rf1 b3 53. Kc3 b2 54.
Rb1 Ke7 55. Kc2 Ke6 56. Re1+ Kf5 57. Rf1+ Ke6 58. Re1+ Kd6 59. Rd1+ Kc5 60. Kb1 Rb7 61. Rd2 Kc4 62. Rd1 f5 63. Rf1 Rb5 64. Rd1 Kc3 65. Rd7 f4 66. Rd8 Rb4 67. Rd7 Rd4 68. Rf7 Rd1+ 69.
Ka2 Ra1# 0-1

[Event "*** Titled Tuesday Blitz"]
[Site "Chess.com"]
[Date "2021.03.09"]
[Round "1"]
[White "starplatinum2030"]
[Black "Haykoooo0o"]
[Result "0-1"]
[WhiteElo "2180"]
[BlackElo "2526"]
[TimeControl "180+1"]
[EndTime "10:08:55 PST"]
[Termination "Haykoooo0o won by resignation"]

1. Nf3 d5 2. e3 Nf6 3. b3 Bf5 4. Bb2 e6 5. c4 c6 6. d4 Bd6 7.
Nbd2 Nbd7 8. Be2 h6 9. O-O O-O 10. a3 Re8 11. b4 Qe7 12. Qb3 e5 13. dxe5 Nxe5 14. Nxe5 Bxe5 15. Bxe5 Qxe5 16. Nf3 Qe7 17. Rfd1 a6 18. Nd4 Bg6 19. Bf3 dxc4 20. Qxc4 Rad8 21. g3 Be4 22. Bxe4 Nxe4 23. Nb3 Qf6 24. Qc2 Ng5 25. Nd4 Rxd4 26. exd4 Qf3 27. h4 Nh3+ 28. Kh2 Re2 29. Qxe2 Qxe2 30. Kxh3 Qxf2 31. Rac1 h5 32. Rc5 Qf3 33. Ra1 Qg4+ 34. Kh2 Qxd4 35. Ra2 g6 36. Re2 Qd3 37. Ra2 Qb3 38. Rcc2 Kg7 39. Rf2 f5 40. Kg2 Qd5+ 41. Kh2 Qe4 42. Rae2 Qd4 43. Rf3 Qg4 44. Ree3 Kf6 45. Kg2 Qd4 46. Rd3 Qb2+ 47. Kh3 Qa1 48. Kg2 Qe1 49. Rd6+ Kg7 50. Rd7+ Kh6 51. Rxb7 c5 52. Rc7 cxb4 53. axb4 Qxb4 54. Rcc3 a5 55. Rb3 Qd2+ 56. Kh3 a4 57. Ra3 Qd1 58.
Kg2 Kg7 59. Rf2 Qd5+ 60. Kh2 Qd6 61. Rxa4 Qb6 62. Raf4 Kh6 63. R4f3 Qd4 64. Kg2 Qe4 65. Rd2 f4 66. gxf4 Qe7 67. Rh3 Qe1 68. Rf2 Qe4+ 69. Kh2 Qf5 70. Rg3 Kg7 71. Rg5 Qe4 72. f5 Qxh4+ 73.
Kg1 Qxg5+ 0-1

[Event "*** Titled Tuesday Blitz"]
[Site "Chess.com"]
[Date "2021.03.09"]
[Round "1"]
[White "Ranindu2003"]
[Black "Kopytkin"]
[Result "0-1"]
[WhiteElo "2631"]
[BlackElo "2362"]
[TimeControl "180+1"]
[EndTime "10:08:58 PST"]
[Termination "Kopytkin won by resignation"]

1. e4 Nf6 2. e5 Nd5 3. d4 d6 4. Nf3 g6 5. Be2 Bg7 6. O-O O-O 7. h3 dxe5 8. dxe5 Nc6 9. c4 Ndb4 10. Qb3 Bf5 11. Na3 a5 12. Rd1 Qc8 13. Bf4 Rd8 14.
Qe3 Rxd1+ 15. Bxd1 Nd3 16. g4 Nxf4 17. Qxf4 Be6 18.
Ba4 Nb4 19. Nb5 c6 20. Nc3 Nd3 21. Qd4 Nxb2 22. Bb3 a4 23. Bc2 Qd8 24. Qc5 Ra5 25.
Qb4 Nxc4 26. Rd1 Qc7 27. Nxa4 Bxe5 28. Nxe5 Rxe5 29. Nc5 Qa5 30. Qxa5 Nxa5 31. Rd8+ Kg7 32. Nd3 Rd5 33. Ra8 Nc4 34. Nf4 Rd2 35. Bb3 Bd5 36. Rd8 e6 37. Nxd5 exd5 38. Bxc4 Kf6 39. Bb3 Ke5 40. Rd7 Kd4 41. Rxf7 c5 42. Kf1 c4 43.
Ke1 Rb2 44. Bd1 b5 45. Rf4+ Kc3 46. Rf3+ Kd4 47. a3 Ra2 48. Rf4+ Kc3 49. Rf3+ Kd4 50. Rf7 Kc3 51. Rc7 d4 52. Rxh7 d3 53. Rd7 Rxa3 54. h4 b4 55. h5 gxh5 56. gxh5 Ra5 57. h6 Rg5 58. f4 Rg1+ 59. Kf2 Rxd1 60. Kg2 Ra1 61. h7 Ra8 62. Rg7 Rh8 63. Kf2 b3 64. Ke3 b2 65. Rb7 Rxh7 66. Rxh7 b1=Q 67. Re7 Qe1+ 68.
Kf3 Qxe7 0-1